Map: Frost LE

Players

Fropez

  • Race: Protoss Protoss
  • League: Gold
  • Spawn Location: 1:00

Perrete - Winner!

  • Race: Terran Terran
  • League: Gold
  • Spawn Location: 5:00

VOD

Have the link to the VOD?

Description

Time

  • Played on: Sept. 14, 2016, 2:17 p.m.
  • Length: 14:34
Show
View Real Time Build Order
Export as new Build Order

Fropez Protoss 

Build Orders:  

Get SALT Encoding   

  12  0:01  Probe (Chrono Boost)  
  13  0:20  Pylon, Probe (Chrono Boost)  
  14  0:31  Probe (Chrono Boost)  
  15  0:39  Gateway  
  15  0:41  Probe (Chrono Boost)  
  16  0:47  Assimilator  
  16  0:52  Probe (Chrono Boost)  
  17  0:59  Pylon  
  17  1:03  Probe (Chrono Boost)  
  18  1:13  Assimilator  
  18  1:14  Probe (Chrono Boost)  
  19  1:27  Cybernetics Core  
  19  1:28  Probe (Chrono Boost)  
  20  1:39  Probe (Chrono Boost)  
  21  1:55  Nexus  
  22  2:03  Mothership Core (Chrono Boost)  
  22  2:05  Warp Gate (Chrono Boost)  
  23  2:12  Adept  
  25  2:21  Pylon  
  25  2:25  Probe  
  26  2:38  Probe  
  27  2:45  Adept  
  27  2:50  Probe  
  30  3:02  Probe  
  30  3:03  Gateway  
  30  3:05  Gateway  
  31  3:14  Pylon  
  31  3:17  Probe  
  31  3:19  Probe  
  33  3:29  Probe  
  33  3:30  Twilight Council  
  33  3:33  Probe  
  35  3:43  Probe  
  35  3:44  Robotics Facility  
  36  3:55  Probe  
  35  3:57  Probe  
  36  4:04  Pylon  
  36  4:07  Resonating Glaives (Chrono Boost), Probe  
  36  4:09  Assimilator  
  37  4:11  Probe  
  37  4:12  Pylon  
  38  4:19  Adept, Probe  
  38  4:21  Adept  
  43  4:33  Probe  
  43  4:34  Probe  
  43  4:38  Observer  
  46  4:45  Gateway  
  46  4:47  Probe x2  
  46  4:48  Gateway  
  48  4:53  Gateway  
  48  4:58  Assimilator  
  48  4:59  Probe  
  49  5:06  Adept x3  
  55  5:24  Probe  
  55  5:28  Immortal (Chrono Boost)  
  56  5:31  Adept x3  
  62  5:42  Probe  
  63  5:53  Pylon  
  63  5:54  Probe  
  64  5:59  Probe  
  64  6:04  Adept x6  
  71  6:05  Observer (Chrono Boost)  
  71  6:10  Probe  
  78  6:11  Probe  
  78  6:18  Pylon  
  80  6:21  Pylon  
  80  6:23  Blink  
  80  6:24  Immortal (Chrono Boost)  
  84  6:43  Pylon  
  84  6:58  Immortal (Chrono Boost)  
  68  7:16  Adept x3  
  68  7:17  Adept x3  
  74  7:23  Probe  
  74  7:24  Probe  
  74  7:28  Forge  
  80  7:37  Immortal (Chrono Boost)  
  80  7:42  Adept  
  80  7:43  Adept x5  
  92  7:51  Probe  
  92  7:52  Probe  
  94  8:01  Probe  
  95  8:08  Probe  
  95  8:11  Warp Prism (Chrono Boost)  
  98  8:25  Nexus  
  98  8:26  Pylon  
  98  8:27  Pylon  
  98  8:32  Assimilator  
  98  8:34  Assimilator  
  85  8:53  Adept x2  
  85  8:54  Adept x4  
  92  9:11  Pylon  
  74  9:37  Adept x2  
  74  9:38  Adept x4  
  84  10:00  Adept x3  
  90  10:13  Immortal (Chrono Boost)  
  94  10:16  Probe  
  95  10:27  Probe  
  88  10:36  Adept x3  
  88  10:37  Probe  
  81  11:03  Mothership Core (Chrono Boost)  
  61  11:33  Dark Shrine  
  61  11:34  Gateway  
  55  11:49  Gateway  
  36  12:46  Dark Templar  
  30  13:37  Dark Templar  
  30  13:41  Probe (Chrono Boost)  
  33  14:07  Dark Templar  
  35  14:13  Archon  
Show
View Real Time Build Order
Export as new Build Order

Perrete Terran - Winner!

Build Orders:  

Get SALT Encoding   

  12  0:01  SCV  
  13  0:13  SCV  
  14  0:23  Supply Depot  
  14  0:25  SCV  
  15  0:35  Refinery  
  15  0:45  SCV  
  15  0:46  Barracks  
  16  0:57  SCV  
  17  1:04  Supply Depot  
  17  1:09  SCV  
  18  1:21  SCV  
  19  1:33  SCV  
  20  1:42  Refinery, Barracks  
  20  1:45  SCV  
  21  1:54  Supply Depot  
  21  1:58  Orbital Command  
  21  2:10  Barracks Reactor  
  21  2:22  Factory  
  21  2:35  SCV  
  22  2:46  Marine x2  
  22  2:47  SCV  
  25  2:57  Command Center  
  25  3:04  Marine x2  
  27  3:06  Starport  
  27  3:08  Factory Tech Lab  
  27  3:22  Marine x2  
  27  3:23  Barracks  
  29  3:31  Siege Tank  
  32  3:39  Marine  
  32  3:40  Marine  
  34  3:42  SCV  
  34  3:44  Medivac  
  37  3:57  Marine x2  
  39  4:08  SCV  
  40  4:10  Supply Depot  
  40  4:14  Siege Tank, Medivac  
  45  4:18  Barracks Tech Lab  
  45  4:23  SCV  
  46  4:27  SCV  
  46  4:29  Marine  
  46  4:30  Marine  
  49  4:44  Marauder, Medivac  
  53  4:52  Siege Tank  
  56  4:58  SCV  
  58  5:00  Orbital Command  
  57  5:08  Marine, Marauder  
  57  5:11  SCV  
  60  5:23  SCV  
  60  5:30  Starport Tech Lab  
  60  5:35  SCV  
  60  5:47  SCV  
  61  5:59  SCV  
  61  6:03  Marine  
  61  6:04  Marine  
  63  6:06  Marauder  
  63  6:07  Siege Tank  
  69  6:11  SCV  
  70  6:40  Engineering Bay  
  70  6:50  Marine x2  
  70  6:52  Raven  
  53  7:21  SCV x2  
  54  7:33  SCV  
  54  7:34  SCV  
  56  7:39  Medivac  
  58  7:45  SCV  
  58  7:46  SCV  
  60  7:58  SCV x2  
  62  7:59  Siege Tank  
  65  8:10  SCV x2  
  67  8:13  Marine x2  
  67  8:14  Sensor Tower  
  67  8:18  Supply Depot  
  69  8:22  SCV  
  69  8:23  SCV, Marauder, Banshee  
  69  8:24  Supply Depot  
  76  8:31  Marine x2, Siege Tank  
  81  8:34  SCV  
  82  8:45  Marauder  
  76  9:06  Marine x3  
  73  9:20  Supply Depot  
  70  9:50  Marine x2, Marauder  
  74  10:07  Marine  
  74  10:12  Marauder  
  77  10:20  Marine  
  76  10:21  Siege Tank  
  76  10:25  Marine  
  80  10:33  Marauder  
  78  10:38  Marine  
  76  10:43  Marine  
  77  10:54  Marauder  
  42  11:48  Orbital Command  
  42  12:14  SCV  
  40  13:31  Orbital Command  
Tags
 
League
GoldGold
Matchup
PvT
Replay Pack
All Mines
Spawn Locations
Close Positions
Add a new tag
Caveats
  • Supply blocks, unpowered buildings, or Contaminate may cause inaccurate times.
  • Supply counts are checked every 10 seconds.